 Dungeon Crawl Stone Soup version 0.20.0-15-g7f486f2 (webtiles) character file.

239 vishdafish the Sneak (level 6, -1/49 HPs)
             Began as a Naga Wizard on June 30, 2017.
             Slain by a killer bee (3 damage)
             ... on level 3 of the Dungeon.
             The game lasted 00:09:05 (2332 turns).

vishdafish the Sneak (Naga Wizard)                  Turns: 2332, Time: 00:09:06

Health: -1/49      AC:  3    Str: 11    XL:     6   Next: 7%
Magic:  8/12       EV: 10    Int: 19    God:
Gold:   146        SH:  0    Dex:  9    Spells: 10/13 levels left

rFire    . . .     SeeInvis +   e - +1 dagger (venom)
rCold    + . .     Gourm    .   (no shield)
rNeg     . . .     Faith    .   a - +0 robe
rPois    +         Spirit   .   b - +0 hat
rElec    .         Reflect  .   (no cloak)
rCorr    .         Harm     .   (no gloves)
MR       .....                  (no barding)
Stlth    ++........             (no amulet)
Regen    0.2/turn               (no ring)
MPRegen  0.2/turn               (no ring)

@: very slow
A: horns 1, see invisible, cold resistance 1, deformed body, poison resistance,
slowness 2, slow metabolism 1, spit poison 1, AC +2
a: Spit Poison


You were on level 3 of the Dungeon.
You were not hungry.

You visited 1 branch of the dungeon, and saw 3 of its levels.

You collected 146 gold pieces.

Inventory:

Hand Weapons
 e - a +1 dagger of venom (weapon)
Armour
 a - a +0 robe (worn)
 b - a +0 hat (worn)
Wands
 p - a wand of polymorph (16/24)
Scrolls
 f - 2 scrolls of teleportation {unknown}
 h - a scroll of enchant weapon {unknown}
 j - 2 scrolls of fear {unknown}
 k - 7 scrolls of identify {unknown}
 m - a scroll of random uselessness {unknown}
 o - a scroll of remove curse {unknown}
Potions
 i - a potion of haste
 r - a potion of agility {unknown}
Books
 c - a book of Minor Magic

   Spells                             Type                      Level
   a - Magic Dart                     Conjuration                  1
   b - Blink                          Translocation                2
   c - Call Imp                       Summoning                    2
   d - Slow                           Hexes                        2
   e - Conjure Flame                  Conjuration/Fire             3
   f - Mephitic Cloud                 Conjuration/Poison/Air       3
Comestibles
 d - 2 bread rations
 n - 2 fruits
 q - a meat ration


   Skills:
 + Level 1.3 Short Blades
 + Level 2.0 Dodging
 * Level 4.7 Stealth
 + Level 4.1 Spellcasting
 * Level 3.5 Conjurations
   Level 1.0 Summonings
 + Level 1.0 Translocations


You had 10 spell levels left.
You knew the following spells:

 Your Spells              Type           Power        Failure   Level  Hunger
a - Magic Dart            Conj           ###.         3%          1    None
b - Blink                 Tloc           N/A          14%         2    ##.....


Dungeon Overview and Level Annotations

Branches:
Dungeon (3/15)

Altars:
Dithmenos


Innate Abilities, Weirdness & Mutations

You cannot wear boots.
Your serpentine skin is tough. (AC +2)
You have supernaturally acute eyesight. (SInv)
Armour fits poorly on your strangely shaped body.
Your system is resistant to poisons. (rPois)
You cover ground very slowly.
You have a slow metabolism.
You can spit poison.
You have a pair of small horns on your head.
Your flesh is cold resistant. (rC+)


Message History

The killer bee stings you.
You are poisoned.
The killer bee poisons you! The killer bee barely misses you.
Casting: Magic Dart
Confirm with . or Enter, or press ? or * to list all spells.
Aiming: Magic Dart
Press: ? - help, Shift-Dir - straight line, f/p - killer bee
Aim: a killer bee (moderately wounded)
The magic dart hits the killer bee.
The killer bee is heavily wounded.
You feel sick. The killer bee closely misses you. The killer bee stings you!
* * * LOW HITPOINT WARNING * * *
It was a potion of mutation.
You feel extremely strange. A pair of horns grows on your head!
You feel resistant to cold.
You feel sick. The killer bee barely misses you. The killer bee stings you!
* * * LOW HITPOINT WARNING * * *
It was a potion of curing.
You feel better. The killer bee stings you.
* * * LOW HITPOINT WARNING * * *
The killer bee stings you.
You die...

.. .. # .# # #... # .#
.# #.. # .# ..# #.. .#
...# #.. ###.#....# #.#
.........< #?#
##........ #†##.##..
...........#####@yS....#
##.##...........###.####
..[........####.#
##..#..... #.# ....#
##.. #.# ....... . #.###
###.##. #...# .# ###)#
###.#


You could see a killer bee and an adder.

Vanquished Creatures
  2 killer bees (D:3)
  Jessica (D:3)
  Terence (D:3)
  An adder (D:3)
  5 worms
  3 dart slugs
  A leopard gecko (D:2)
  3 orcs (D:3)
  4 ball pythons
  A giant cockroach (D:1)
  7 goblins
  4 hobgoblins
  5 jackals (D:2)
  A quokka (D:3)
  6 bats
  4 frilled lizards
  10 kobolds
  8 rats
67 creatures vanquished.

Notes
Turn   | Place    | Note
-------+----------+-------------------------------------------
     0 | D:1      | vishdafish the Naga Wizard began the quest for the Orb.
     0 | D:1      | Reached XP level 1. HP: 15/15 MP: 4/4
   175 | D:1      | Reached XP level 2. HP: 22/22 MP: 6/6
   464 | D:1      | Learned a level 2 spell: Blink
   887 | D:1      | Reached XP level 3. HP: 28/28 MP: 8/8
  1275 | D:2      | Reached XP level 4. HP: 5/36 MP: 2/9
  2272 | D:3      | Noticed Jessica
  2277 | D:3      | Killed Jessica
  2277 | D:3      | Reached XP level 5. HP: 36/42 MP: 8/10
  2295 | D:3      | Found a shadowy altar of Dithmenos.
  2300 | D:3      | Noticed Terence
  2308 | D:3      | Killed Terence
  2326 | D:3      | Reached skill level 1 in Short Blades
  2328 | D:3      | Reached XP level 6. HP: 26/49 MP: 10/12
  2331 | D:3      | Gained mutation: You have a pair of small horns on your head. [potion of mutation]
  2331 | D:3      | Gained mutation: Your flesh is cold resistant. (rC+) [potion of mutation]
  2331 | D:3      | HP: 2/49 [killer bee (7)]
  2332 | D:3      | Slain by a killer bee

Skill      XL: |  1  2  3  4  5 |
---------------+----------------+-----
Conjurations   | 2 3 |  3.5
Stealth        | 4 |  4.7
Dodging        | 2 |  2.0
Short Blades   | 1 |  1.3
Spellcasting   | 4 |  4.1
Summonings     | |  1.0
Translocations | |  1.0

Action                   |  1- 3 |  4- 6 || total
-------------------------+-------+-------++-------
Melee: Dagger            |    34 |    40 ||    74
 Cast: Magic Dart        |    75 |    45 ||   120
 Abil: Spit Poison       |    21 |     5 ||    26
  Use: Potion            |       |     2 ||     2
 Stab: Sleeping          |       |     1 ||     1
  Eat: Chunk             |     2 |     3 ||     5
Armor: Robe              |     8 |     4 ||    12
Dodge: Dodged            |    32 |    26 ||    58
